 Dungeon Crawl Stone Soup version 0.28-a0-957-g42eb19b844 (webtiles) character file.

Game seed: 12807105060930001497

142029 jasper the Warrior (level 17, 0/100 HPs)
             Began as a Vine Stalker Berserker on Nov 30, 2021.
             Was a High Priest of Trog.
             Slain by a salamander (12 damage)
             ... on level 3 of the Snake Pit on Dec 1, 2021.
             The game lasted 01:11:30 (28448 turns).

jasper the Warrior (Vine Stalker Berserker)        Turns: 28448, Time: 01:11:31

Health: 0/100      AC: 26    Str: 27    XL:     17   Next: 34%
Magic:  0/18       EV: 15    Int:  8    God:    Trog [*****.]
Gold:   780        SH:  0    Dex: 25    Spells: 16/16 levels left

rFire   . . .      SeeInvis +   C - +11 lajatang "Oluog" {flame, rN+ rCorr Dex+3 Stlth-}
rCold   . . .      Faith    .   (shield currently unavailable)
rNeg    + . .      Spirit   +   i - +0 plate armour
rPois   +          Reflect  .   A - +2 helmet {Int+3}
rElec   +          Harm     .   Y - scarf {repulsion}
rCorr   +          Rampage  .   x - +1 pair of gloves
Will    ++++.                   U - +0 pair of boots
Stlth   ..........              Q - amulet of magic regeneration
HPRegen 2.06/turn               u - ring of Zoimeinu {rElec rCorr AC+4 Int-2}
MPRegen 0.56/turn               V - ring of Uraofuc {rPois Str+3 Dex+4 SInv}

@: strong-willed, regenerating, repel missiles
A: fangs 3, regeneration 1, magic shield, antimagic bite, no potion heal 2
a: Renounce Religion, Berserk, Trog's Hand, Brothers in Arms


You were on level 3 of the Snake Pit.
You worshipped Trog.
Trog was extremely pleased with you.
You visited 5 branches of the dungeon, and saw 27 of its levels.
You also visited: Gauntlet.

You collected 2664 gold pieces.
You spent 1884 gold pieces at shops.

Inventory:

Hand Weapons
 b - a +7 spectral lajatang
 C - the +11 lajatang "Oluog" (weapon) {flame, rN+ rCorr Dex+3 Stlth-}
   (Trog gifted it to you on level 2 of the Orcish Mines)

   It burns those it strikes, dealing additional fire damage.
   Big, fiery blades are also staple armaments of hydra-hunters.
   Dex:       It affects your dexterity (+3).
   rN:        It protects you from negative energy.
   rCorr:     It protects you from acid and corrosion.
   Stlth:     It makes you less stealthy.
Missiles
 e - 838 stones (quivered)
 h - a throwing net
Armour
 i - a +0 plate armour (worn)
 x - a +1 pair of gloves (worn)
 A - a +2 helmet of intelligence (worn)
 U - a +0 pair of boots (worn)
 Y - a scarf of repulsion (worn)
Jewellery
 j - a ring of positive energy
 s - an amulet of reflection
 u - the ring of Zoimeinu (left hand) {rElec rCorr AC+4 Int-2}
   (You bought it in a shop on level 11 of the Dungeon)

   [ring of protection]

   AC:        It affects your AC (+4).
   Int:       It affects your intelligence (-2).
   rElec:     It insulates you from electricity.
   rCorr:     It protects you from acid and corrosion.
 B - an amulet of the acrobat
 G - a ring of resist corrosion
 K - a ring of positive energy
 O - a ring of ice
 P - a ring of ice
 Q - an amulet of magic regeneration (around neck)
 V - the ring of Uraofuc (right hand) {rPois Str+3 Dex+4 SInv}
   (You found it in a Gauntlet)

   [ring of see invisible]

   Str:       It affects your strength (+3).
   Dex:       It affects your dexterity (+4).
   rPois:     It protects you from poison.
   SInv:      It lets you see invisible.
Wands
 l - a wand of flame (8)
 n - a wand of polymorph (2)
 t - a wand of mindburst (65)
 v - a wand of iceblast (11)
 y - a wand of acid (12)
 L - a wand of charming (24)
 X - a wand of paralysis (19)
Scrolls
 d - 5 scrolls of fear
 m - 3 scrolls of immolation
 o - 3 scrolls of torment
 E - 3 scrolls of noise
 F - 5 scrolls of vulnerability
 M - a scroll of blinking
 S - 11 scrolls of identify
 T - 2 scrolls of enchant armour
 W - 3 scrolls of magic mapping
 Z - 3 scrolls of teleportation
Potions
 a - 2 potions of degeneration
 c - 10 potions of curing
 g - 2 potions of magic
 k - 2 potions of attraction
 p - 5 potions of ambrosia
 q - 4 potions of lignification
 r - a potion of resistance
 w - 3 potions of invisibility
 z - 3 potions of haste
 D - 3 potions of mutation
 H - 4 potions of flight
 I - 7 potions of might
 N - 2 potions of brilliance
Miscellaneous
 f - a condenser vane (inert)
 J - a tin of tremorstones (inert)
 R - a phial of floods


   Skills:
 * Level 15.9 Fighting
 - Level 3.9(9.7) Maces & Flails
 - Level 13.7(14.0) Staves
 + Level 10.7 Armour
 + Level 10.7 Dodging
 + Level 11.5 Evocations


You had 16 spell levels left.
You didn't know any spells.
Your spell library was empty.

Dungeon Overview and Level Annotations

Branches:
Dungeon (15/15)            Temple (0/1) D:4            Lair (6/6) D:9
 Shoals (0/4) Lair:4        Snake (3/4) Lair:2        Slime (0/5) Lair:6
    Orc (2/2) D:11            Elf (0/3) Orc:2        Vaults (0/5) D:14
 Depths (1/4) D:15        Gauntlet (visited)

Altars:
Cheibriados
Qazlal
Sif Muna
Trog
Xom
Beogh

Shops:
D:2 !   D:6 (   D:10 !**   D:11 =   Orc:1 :(=   Orc:2 :![*

Annotations:
D:9 2 transporters, fragbeetle's ghost, novice GrFi
D:11 3 runed translucent doors, oldmanjim's ghost, journeyman HOFi
Lair:2 3 runed translucent doors, croobank's ghost, journeyman GnMo; ders's ghost, journeyman GrEE; lunkers's ghost, journeyman TrCA
Snake:3 2 runed translucent doors


Innate Abilities, Weirdness & Mutations

You have razor-sharp teeth.
Your natural rate of healing is unusually fast.
When hurt, damage is shared between your health and your magic reserves.
Your bite disrupts and absorbs the magic of your enemies.
Potions cannot restore your health.


Message History

The salamander closely misses you.
The salamander mystic falters for a moment.
The salamander hits you but does no damage. x2
The salamander mystic hits you but does no damage.
The salamander hits you but does no damage.
Items here: (( ) †.
You slice the salamander mystic like a ripe choko!!!
You kill the salamander mystic!
Trog accepts your kill.
Trog appreciates your killing of a magic user.
The salamander hits you from afar with a +0 halberd!
You are engulfed in flames!
The salamander hits you with a +0 halberd!
You are engulfed in flames!
You take 39 damage, and have 35/100 hp.
MASSIVE DAMAGE!!
You now have 9/18 mp.
You slash the salamander!
You bite the salamander, but do no damage.
The salamander is lightly wounded.
The salamander hits you but does no damage.
The salamander hits you with a +0 halberd.
You are engulfed in flames!
* * * LOW HITPOINT WARNING * * *
You take 8 damage, and have 27/100 hp.
You now have 7/18 mp.
Okay, then.
Okay, then.
Your skin crawls.
You feel strong-willed.
The salamander hits you but does no damage.
The salamander barely misses you.
You regained 2 hp, and now have 29/100 hp.
The salamander hits you from afar with a +0 halberd.
You are engulfed in flames!
* * * LOW HITPOINT WARNING * * *
The salamander barely misses you.
You take 11 damage, and have 18/100 hp.
You now have 5/18 mp.
You regained 2 hp, and now have 20/100 hp.
The salamander hits you from afar with a +0 halberd!
* * * LOW HITPOINT WARNING * * *
You are engulfed in flames!
You die...

### ..# ######
#.##### #.....
#.#...###.....
#.######.#.#.#.......
#...@.NN)#.#.#.......
#.######.#.#.........
..........'.........
..........#.........
....###.#.#........#
++# #####...#....# §§
...^......# #
..........#
#.#####.....


You could see 2 salamanders.

Vanquished Creatures
  A quicksilver dragon (Snake:2)
  Kirke (Snake:2)
  A nagaraja (Snake:2)
  Nessos (D:13)
  Azrael (D:12)
  A minotaur (Gauntlet)
  Snorg (D:11)
  An ettin (D:15)
  Josephine (D:12)
  2 fire dragons
  15 hydras
  An ice dragon (D:14)
  10 boulder beetles
  4 naga warriors
  2 death knights (D:13)
  6 anacondas
  6 centaur warriors
  An ogre mage (D:15)
  9 two-headed ogres
  2 tengu warriors
  An alligator (shapeshifter) (D:13)
  9 naga sharpshooters
  A shock serpent (Snake:3)
  Nergalle (Lair:1)
  2 orc high priests
  2 salamander mystics
  2 deep trolls (D:15)
  2 large abominations (Gauntlet)
  3 naga ritualists
  4 wizards
  A deep elf pyromancer (D:12)
  A lindwurm (Lair:6)
  A harpy (shapeshifter) (D:14)
  8 salamanders
  3 mana vipers
  An orc sorcerer (D:15)
  6 ugly things (D:14)
  4 orc knights
  A wolf spider (D:14)
  3 manticores
  A worldbinder (Gauntlet)
  6 cyclopes
  3 elephants (Lair:5)
  2 guardian serpents
  3 gargoyles
  9 naga magi
  3 torpor snails (Lair:5)
  24 black mambas
  3 molten gargoyles (Lair:6)
  16 cane toads
  3 efreet
  Maggie (Lair:2)
  An unseen horror (D:13)
  2 minotaur zombies (Gauntlet)
  13 komodo dragons
  2 rime drakes (Lair:6)
  4 freezing wraiths
  A wind drake (shapeshifter) (D:15)
  4 meliai
  3 polar bears
  7 trolls
  2 hornets
  10 blink frogs
  23 slime creatures
  A centaur simulacrum (D:14)
  A shadow (D:11)
  9 wyverns
  2 vampires (D:12)
  Sigmund (D:2)
  Eustachio (D:5)
  A hog (shapeshifter) (D:14)
  13 wraiths
  45 yaks
  A hog (Snake:2)
  A basilisk (shapeshifter) (D:14)
  7 basilisks
  6 steam dragons
  Grum (D:8)
  3 fire elementals (D:12)
  16 vampire mosquitoes
  4 wargs
  6 small abominations (Gauntlet)
  A swamp worm (shapeshifter) (D:14)
  Menkaure (D:6)
  25 nagas
  An acid dragon (D:6)
  12 water moccasins
  5 hell hounds
  A hornet zombie (D:6)
  40 orc warriors
  An ice beast (D:7)
  5 black bears
  25 wolves
  2 boggarts (Gauntlet)
  2 necrophages
  17 ogres
  14 centaurs
  Blork the orc (D:6)
  A kobold brigand (D:8)
  16 bullfrogs
  A wyvern zombie (D:5)
  4 scorpions
  A water moccasin zombie (D:6)
  5 wights
  An electric eel (Lair:6)
  A howler monkey (D:12)
  A bullfrog zombie (D:7)
  5 lava snakes (Lair:6)
  2 centaur zombies
  15 orc priests
  3 hounds
  3 jellies
  A bullfrog skeleton (D:5)
  A gnoll shaman (D:5)
  Jessica (D:3)
  4 iguanas
  24 orc wizards
  A hound zombie (D:5)
  2 howler monkey zombies
  7 gnolls
  3 adders
  2 shadow imps
  2 white imps
  2 dart slugs
  2 worms (D:2)
  60 orcs
  12 endoplasms
  4 giant cockroaches
  9 goblins
  15 hobgoblins
  8 jackals
  3 quokkas
  8 ball pythons
  6 bats
  3 frilled lizards
  8 kobolds
  4 rats (D:1)
792 creatures vanquished.

Vanquished Creatures (collateral kills)
  Fannar (D:10)
  A boulder beetle (D:12)
  A naga sharpshooter (Snake:2)
  A freezing wraith (D:14)
  A hornet (D:10)
  3 yaks (Lair:1)
  A hell hound (D:12)
  An orc warrior (D:8)
  A wolf (D:8)
  A wight (D:8)
  A kobold (D:8)
13 creatures vanquished.

Vanquished Creatures (others)
  2 humans (Snake:2)
  A centaur (Orc:2)
  18 fungi
  46 plants
  4 withered plants (Lair:2)
71 creatures vanquished.

Grand Total: 876 creatures vanquished

Notes
Turn   | Place    | Note
-------+----------+-------------------------------------------
     0 | D:1      | jasper the Vine Stalker Berserker began the quest for the
                  | Orb.
     0 | D:1      | Reached XP level 1. HP: 11/11 MP: 2/2
   288 | D:1      | Reached XP level 2. HP: 16/16 MP: 3/3
   767 | D:1      | Reached XP level 3. HP: 19/19 MP: 4/4
   873 | D:1      | Reached ** piety under Trog
   949 | D:1      | Found a faded altar of an unknown god.
  1408 | D:2      | Found Jopouxt's Distillery.
  1416 | D:2      | Bought a potion of curing for 30 gold pieces
  1492 | D:2      | Reached skill level 1 in Staves
  1519 | D:2      | Noticed Sigmund
  1537 | D:2      | Killed Sigmund
  1538 | D:2      | Gained mutation: Your natural rate of healing is unusually
                  | fast. [Vine Stalker growth]
  1538 | D:2      | Reached XP level 4. HP: 23/23 MP: 5/5
  1538 | D:2      | Reached XP level 5. HP: 27/27 MP: 6/6
  2089 | D:2      | Bought a potion of lignification for 30 gold pieces
  2285 | D:3      | Reached XP level 6. HP: 32/32 MP: 7/7
  2903 | D:3      | Noticed Jessica
  2912 | D:3      | Killed Jessica
  3752 | D:4      | Found a shimmering altar of Xom.
  4127 | D:4      | Reached skill level 5 in Staves
  4178 | D:4      | Reached *** piety under Trog
  4293 | D:4      | Reached XP level 7. HP: 34/35 MP: 8/8
  4320 | D:4      | Found a staircase to the Ecumenical Temple.
  4538 | D:2      | Bought a potion of resistance for 100 gold pieces
  4909 | D:5      | Entered Level 5 of the Dungeon
  5459 | D:5      | Gained mutation: You have razor-sharp teeth. [Vine Stalker
                  | growth]
  5459 | D:5      | Reached XP level 8. HP: 39/39 MP: 7/9
  5562 | D:5      | Noticed Eustachio
  5574 | D:5      | Killed Eustachio
  6177 | D:6      | Noticed Menkaure
  6179 | D:6      | Killed Menkaure
  6230 | D:6      | Found Sibuon's Hydra Hut.
  6573 | D:6      | Reached XP level 9. HP: 39/43 MP: 10/10
  6626 | D:6      | Reached skill level 10 in Staves
  6628 | D:6      | Noticed Blork the orc
  6642 | D:6      | Killed Blork the orc
  6827 | D:6      | Noticed a seven-headed hydra
  6832 | D:6      | Bought a +0 scythe of flaming for 81 gold pieces
  7271 | D:6      | Identified a scroll of acquirement
  7271 | D:6      | Acquired a +2 helmet of intelligence
  8086 | D:7      | Reached **** piety under Trog
  8187 | D:7      | Reached XP level 10. HP: 32/47 MP: 11/11
  8723 | D:8      | Noticed Grum
  8746 | D:8      | Killed Grum
  8820 | D:8      | Found a shimmering blue altar of Sif Muna.
  8956 | D:8      | Reached skill level 3 in Fighting
  8956 | D:8      | Reached skill level 1 in Evocations
  8988 | D:8      | Reached XP level 11. HP: 48/52 MP: 12/12
  9091 | D:8      | Found a bloodstained altar of Trog.
  9091 | D:8      | Found a stormy altar of Qazlal.
  9310 | D:9      | Reached skill level 4 in Fighting
  9582 | D:9      | Noticed fragbeetle's ghost (novice GrFi)
  9593 | D:9      | Found a transporter.
  9596 | D:9      | Found a transporter.
  9629 | D:9      | Identified the +9 mace "Siuki" {vorpal, rElec rPois rC+}
  9655 | D:9      | Noticed a tengu warrior
  9673 | D:9      | Killed a tengu warrior
  9674 | D:9      | Reached skill level 5 in Fighting
 10060 | D:9      | Found a staircase to the Lair.
 10188 | D:10     | Entered Level 10 of the Dungeon
 10188 | D:10     | Noticed a two-headed ogre
 10194 | D:10     | Killed a two-headed ogre
 10281 | D:10     | Reached ***** piety under Trog
 10316 | D:10     | Found Wuz Pesoidee's Distillery.
 10324 | D:10     | Bought a potion of ambrosia for 112 gold pieces
 10324 | D:10     | Bought 2 potions of might for 112 gold pieces
 10324 | D:10     | Bought a potion of curing for 42 gold pieces
 10324 | D:10     | Bought a potion of lignification for 42 gold pieces
 10337 | D:10     | Found Ybbun's Assorted Antiques.
 10451 | D:10     | Found Honny's Fire Supplies.
 10457 | D:10     | Bought a scroll of immolation for 45 gold pieces
 10469 | D:10     | Noticed a two-headed ogre
 10475 | D:10     | Killed a two-headed ogre
 10476 | D:10     | Reached skill level 6 in Fighting
 10551 | D:10     | Noticed Fannar
 10567 | D:10     | Killed Fannar
 11036 | D:11     | Reached XP level 12. HP: 60/62 MP: 13/13
 11118 | D:11     | Found a runed translucent gate.
 11119 | D:11     | Found a runed translucent gate.
 11119 | D:11     | Found a runed translucent gate.
 11123 | D:11     | Noticed oldmanjim's ghost (journeyman HOFi)
 11184 | D:11     | Found a staircase to the Orcish Mines.
 11184 | D:11     | Noticed an eight-headed hydra
 11198 | D:11     | Killed an eight-headed hydra
 11269 | D:11     | Noticed a two-headed ogre
 11279 | D:11     | Killed a two-headed ogre
 11280 | D:11     | Reached skill level 7 in Fighting
 11350 | D:11     | Noticed Snorg
 11362 | D:11     | Killed Snorg
 11586 | D:11     | Found Ydaobbuf's Jewellery Emporium.
 11659 | D:11     | Noticed a two-headed ogre
 11666 | D:11     | Killed a two-headed ogre
 11667 | D:11     | Reached skill level 5 in Armour
 11667 | D:11     | Reached skill level 5 in Dodging
 11667 | D:11     | Reached skill level 5 in Evocations
 12043 | Lair:1   | Entered Level 1 of the Lair of Beasts
 12043 | Lair:1   | Noticed Nergalle
 12059 | Lair:1   | Killed Nergalle
 12096 | Lair:1   | Found a gate leading to a gauntlet.
 12148 | Gauntlet | Entered a Gauntlet
 12148 | Gauntlet | Found a transporter.
 12162 | Gauntlet | Found a transporter.
 12172 | Gauntlet | Found a transporter.
 12174 | Gauntlet | Found a large runed translucent door.
 12175 | Gauntlet | Found a large runed translucent door.
 12176 | Gauntlet | Found a large runed translucent door.
 12176 | Gauntlet | Found a large runed translucent door.
 12176 | Gauntlet | Found a runed translucent door.
 12177 | Gauntlet | Found a transporter.
 12178 | Gauntlet | Found a runed translucent door.
 12179 | Gauntlet | Found a large runed translucent door.
 12179 | Gauntlet | Found a large runed translucent door.
 12180 | Gauntlet | Found a large runed translucent door.
 12181 | Gauntlet | Found a large runed translucent door.
 12187 | Gauntlet | Found a large runed translucent door.
 12187 | Gauntlet | Found a large runed translucent door.
 12188 | Gauntlet | Found a large runed translucent door.
 12188 | Gauntlet | Found a large runed translucent door.
 12189 | Gauntlet | Found a large runed translucent door.
 12189 | Gauntlet | Found a large runed translucent door.
 12190 | Gauntlet | Found a runed translucent gate.
 12190 | Gauntlet | Found a runed translucent gate.
 12190 | Gauntlet | Found a runed translucent gate.
 12192 | Gauntlet | Found a transporter.
 12193 | Gauntlet | Noticed a cacodemon
 12202 | Gauntlet | Found a large runed translucent door.
 12203 | Gauntlet | Found a large runed translucent door.
 12211 | Gauntlet | Found a transporter.
 12223 | Gauntlet | Found a transporter.
 12235 | Gauntlet | Found a transporter.
 12247 | Gauntlet | Found a transporter.
 12249 | Gauntlet | Noticed a catoblepas
 12253 | Gauntlet | Found a transporter.
 12253 | Gauntlet | Found a transporter.
 12268 | Gauntlet | Found a transporter.
 12274 | Gauntlet | Found a transporter.
 12313 | Gauntlet | Found a transporter.
 12338 | Gauntlet | Found a transporter.
 12340 | Gauntlet | Found a transporter.
 12360 | Gauntlet | Found a transporter.
 12438 | Gauntlet | Found a transporter.
 12620 | Gauntlet | Reached skill level 8 in Fighting
 12755 | Gauntlet | HP: 4/96 [meliai/divine providence (13)]
 12763 | Gauntlet | HP: 4/97 [meliai (3)]
 12818 | Gauntlet | Identified the ring of Uraofuc {rPois Str+3 Dex+4 SInv}
 12948 | Gauntlet | Noticed a minotaur
 12961 | Gauntlet | Killed a minotaur
 13290 | Lair:1   | Identified the +1 ring mail of Ecism {rF+++}
 13445 | Lair:1   | Noticed a six-headed hydra
 13453 | Lair:1   | Killed a six-headed hydra
 13454 | Lair:1   | Reached XP level 13. HP: 60/70 MP: 11/14
 13456 | Lair:1   | Acquired a +1 spectral lajatang
 13497 | Lair:1   | Reached skill level 9 in Fighting
 14114 | Lair:2   | Found a runed translucent gate.
 14114 | Lair:2   | Found a runed translucent gate.
 14114 | Lair:2   | Found a runed translucent gate.
 14170 | Lair:2   | Noticed Maggie
 14176 | Lair:2   | Killed Maggie
 14306 | Lair:2   | Found a staircase to the Snake Pit.
 14630 | Lair:2   | Noticed ders's ghost (journeyman GrEE)
 14630 | Lair:2   | Noticed lunkers's ghost (journeyman TrCA)
 14630 | Lair:2   | Noticed croobank's ghost (journeyman GnMo)
 15453 | Lair:3   | Reached skill level 10 in Fighting
 16356 | Lair:4   | Found a staircase to the Shoals.
 17005 | Lair:5   | You fall into a shaft and drop 1 floor!
 17005 | Lair:6   | Entered Level 6 of the Lair of Beasts
 17005 | Lair:6   | Noticed a fire dragon
 17005 | Lair:6   | Found a large runed translucent door.
 17005 | Lair:6   | Found a large runed translucent door.
 17025 | Lair:6   | Reached XP level 14. HP: 71/77 MP: 12/15
 17117 | Lair:6   | Reached skill level 11 in Fighting
 17839 | Lair:6   | Found a staircase to the Slime Pits.
 18350 | Lair:5   | Found a snail-covered altar of Cheibriados.
 18362 | Lair:5   | Reached skill level 12 in Fighting
 19181 | Orc:1    | Entered Level 1 of the Orcish Mines
 19260 | Orc:2    | Entered Level 2 of the Orcish Mines
 19299 | Orc:2    | Reached ****** piety under Trog
 19299 | Orc:2    | Identified the +11 lajatang "Oluog" {flame, rN+ rCorr Dex+3
                  | Stlth-} (Trog gifted it to you on level 2 of the Orcish
                  | Mines)
 19299 | Orc:2    | Received a gift from Trog
 19357 | Orc:2    | Reached XP level 15. HP: 83/85 MP: 13/16
 19412 | Orc:2    | Found Louwuog's Armour Boutique.
 19412 | Orc:2    | Found Umeoj's Distillery.
 19414 | Orc:2    | Found Voivokk's Book Emporium.
 19416 | Orc:2    | Found Cahilel's General Store.
 19421 | Orc:2    | Bought a potion of curing for 36 gold pieces
 19421 | Orc:2    | Bought a potion of ambrosia for 96 gold pieces
 19421 | Orc:2    | Bought a potion of invisibility for 96 gold pieces
 19428 | Orc:2    | Bought a scroll of teleportation for 54 gold pieces
 19428 | Orc:2    | Bought a scroll of enchant weapon for 135 gold pieces
 19508 | Orc:2    | Found a staircase to the Elven Halls.
 20446 | Orc:1    | Found Tomel's Jewellery Shoppe.
 20531 | Orc:1    | Found Ixtituo's Antique Weapon Emporium.
 20571 | Orc:1    | Found Imaf's Book Boutique.
 20796 | D:12     | Reached skill level 13 in Fighting
 21120 | D:12     | Noticed Azrael
 21130 | D:12     | Identified the +10 quarterstaff "Wogho Vawno" {vorpal,
                  | rCorr} (Trog gifted it to you on level 12 of the Dungeon)
 21130 | D:12     | Received a gift from Trog
 21134 | D:12     | Killed Azrael
 21382 | D:12     | Noticed Josephine
 21392 | D:12     | Killed Josephine
 22020 | D:13     | Noticed Nessos
 22023 | D:13     | Killed Nessos
 22624 | D:11     | Bought the ring of Zoimeinu {rElec rCorr AC+4 Int-2} for
                  | 873 gold pieces
 22823 | D:14     | Paralysed by a hornet for 2 turns
 22848 | D:14     | Reached skill level 10 in Evocations
 22854 | D:14     | Identified the +3 great sword of the Depths {drain, Stlth+}
 22857 | D:14     | Reached skill level 14 in Fighting
 22937 | D:14     | Reached XP level 16. HP: 74/93 MP: 13/17
 23702 | D:14     | Found a gate to the Vaults.
 24444 | D:15     | Entered Level 15 of the Dungeon
 24785 | D:15     | Found a staircase to the Depths.
 25323 | D:15     | Received a gift from Trog
 25575 | Depths:1 | Entered Level 1 of the Depths
 25817 | Snake:1  | Entered Level 1 of the Snake Pit
 25849 | Snake:1  | Reached skill level 10 in Armour
 26115 | Snake:1  | Reached skill level 10 in Dodging
 26264 | Snake:1  | Reached skill level 15 in Fighting
 26830 | Snake:2  | Noticed a nagaraja
 26925 | Snake:2  | Noticed Kirke
 26931 | Snake:2  | Killed Kirke
 27143 | Snake:2  | Killed a nagaraja
 27286 | Snake:2  | Noticed Vashnia
 27419 | Snake:2  | Noticed Vashnia
 27419 | Snake:2  | Vashnia changed into Vashnia the quicksilver dragon
 27427 | Snake:2  | Killed Vashnia the quicksilver dragon
 27428 | Snake:2  | Reached XP level 17. HP: 99/99 MP: 18/18
 28063 | Snake:3  | Received a gift from Trog
 28428 | Snake:3  | Found a large runed translucent door.
 28429 | Snake:3  | Found a large runed translucent door.
 28448 | Snake:3  | Slain by a salamander

Illustrated notes

Levels and vault maps discovered:
D:1:      minmay_arrival_checkered_box, layout_basic,
          chequers_ecumenical_altar_simple
D:2:      cheibrodos_greedy_goblins, layout_loops_ring, serial_shops, shop,
          uniq_sigmund
D:3:      layout_loops_corners, serial_forest, infiniplex_forest_corner_2,
          infiniplex_forest_straight_2, infiniplex_forest_lined_1,
          infiniplex_forest_lined_room_3, infiniplex_forest_split,
          infiniplex_forest_end_double, uniq_jessica
D:4:      layout_gridville, xom_teletrap_fun,
          minmay_temple_entry_enclosed_plants
D:5:      nicolae_cairo_tiling_large_dashed, layout_layer_cave, uniq_eustachio
D:6:      layout_basic, doesnt_shop_hydraphobe, uniq_menkaure,
          uniq_blork_the_orc
D:7:      layout_cave_pods, nicolae_figureground_pulse
D:8:      layout_rooms, lemuel_blue_sif_altar, amethyst_overflow_temple_binary,
          uniq_grum
D:9:      minmay_curly_fans, layout_basic, grunt_lair_entry_orc_guard_hut,
          gammafunk_ghost_arena
D:10:     layout_stronghold, serial_shops,
          nicolae_shop_temple_entry_statues_fountains,
          nicolae_shop_window_shopping, nicolae_shop_fire_sale
          [nicolae_sub_dead_trees], kennysheep_generic_room_16, uniq_fannar
D:11:     layout_stronghold, orc_0_dummy, serial_glass, glass_columns_a,
          glass_columns_b, glass_columns_c, glass_columns_a, glass_columns_b,
          glass_columns_c, minmay_strange_pillars, minmay_strange_pillars,
          item_on_display_a, serial_shops, kennysheep_mini_moat,
          ebering_ghost_rock_garden, uniq_snorg
D:12:     layout_long_grid, uniq_josephine, uniq_azrael
D:13:     layout_basic, uniq_nessos
D:14:     hangedman_cross_cluster, layout_layer_cave, david_vaults_4,
          nicolae_figureground_sparkle
D:15:     hangedman_depths_entry_civil_slaughter, layout_gridville,
          roderic_serpentine_path, minmay_misc_feat_columns
Lair:1:   layout_chaotic_city, gauntlet_entry_generic,
          infiniplex_staircase_pool_2, uniq_nergalle
Lair:2:   layout_gridlike, dummy_snake_entry, gammafunk_ghost_cemetery,
          st_stairs_8, grunt_megastairs_1, uniq_maggie
Lair:3:   layout_layer_cave, lemuel_fruit_tree, grunt_megastairs_5,
          serial_bayou_shore_b
Lair:4:   layout_regular_city, shoals_dummy_entry, infiniplex_staircase_pool,
          grunt_megastairs_2
Lair:5:   layout_roguey, chequers_serial_rivers_micro_c, kennysheep_snail_temple
Lair:6:   cheibrodos_lair_end_hotspot, layout_gridlike,
          minmay_slime_entry_pillars
Snake:1:  layout_basic
Snake:2:  layout_rooms, uniq_kirke, uniq_vashnia
Snake:3:  layout_basic, special_room, ebering_ghost_disaster_area, drop_trap
Orc:1:    layout_diamond_mine, serial_shops, shop, nicolae_lakefront_shop,
          nicolae_shop_window_shopping, nicolae_shop_crystal, shop, basic_altar
Orc:2:    st_orc_rangers, layout_caves
Depths:1: layout_basic, nicolae_kikubaaqudgha_miasma_corner,
          hangedman_abyss_entry_splay, grunt_hell_horde, minmay_holes,
          grunt_tough_drop, serial_bayou_shore_b, minmay_shoptagon,
          serial_bayou_shore_a

Skill      XL: |  1  2  3  4  5  6  7  8  9 10 11 12 13 14 15 16 |
---------------+-------------------------------------------------+-----
Maces & Flails | 3 |  3.9
Staves         | 3 4 5 7 9 12 13 | 13.7
Fighting       | 3 6 8 10 12 14 15 | 15.9
Armour         | 2 4 6 7 8 9 10 | 10.7
Dodging        | 2 4 5 7 8 9 10 | 10.7
Evocations     | 2 4 6 7 8 10 11 | 11.5

Action                   |  1- 3 |  4- 6 |  7- 9 | 10-12 | 13-15 | 16-18 || total
-------------------------+-------+-------+-------+-------+-------+-------++-------
Melee: Mace              |    35 |       |       |       |       |       ||    35
       Bite              |    10 |    21 |   106 |   227 |   389 |   195 ||   948
       Whip              |    13 |       |       |       |       |       ||    13
       Quarterstaff      |     5 |    78 |   308 |   522 |    72 |       ||   985
       Lajatang          |       |       |       |       |   712 |   381 ||  1093
 Fire: Hunting sling     |    41 |    50 |       |       |       |       ||    91
Throw: Stone             |    16 |     2 |       |       |       |     1 ||    19
       Dart              |       |    41 |    36 |    32 |     1 |       ||   110
Invok: Berserk           |     1 |     1 |     8 |     9 |     1 |     2 ||    22
       Trog's Hand       |       |       |     1 |     6 |     6 |    11 ||    24
       Brothers in Arms  |       |       |       |     6 |     4 |     1 ||    11
Evoke: Wand              |       |       |     4 |     4 |     5 |     5 ||    18
       Tin of tremorston |       |       |       |       |     5 |     5 ||    10
       Condenser vane    |       |       |       |       |     3 |     4 ||     7
  Use: Scroll            |       |       |     8 |     4 |    15 |     8 ||    35
       Potion            |       |       |     2 |     1 |       |       ||     3
 Stab: Sleeping          |     1 |       |       |       |       |       ||     1
       Distracted        |       |       |       |       |     6 |       ||     6
Armor: Chain mail        |    31 |    56 |    41 |       |       |       ||   128
       Animal skin       |     1 |       |       |       |       |       ||     1
       Plate armour      |       |       |   123 |   307 |   418 |   170 ||  1018
Dodge: Dodged            |    18 |    37 |    96 |   230 |   474 |   230 ||  1085
       Repelled          |       |       |       |       |     6 |    20 ||    26
Block: Other             |       |       |       |       |   111 |       ||   111
       Reflection        |       |       |       |       |     9 |       ||     9

Table legend: (Time is in decaauts)
 A = Elapsed time spent in this place.
 B = Non-inter-level travel time spent in this place.
 C = Inter-level travel time spent in this place.
 D = Time resting spent in this place.
 E = Time spent auto-exploring this place.
 F = Levels seen in this place.
 G = Mean time per level.
                   A        B        C        D        E       F      G
               +--------+--------+--------+--------+--------+-----+--------+
         Total |  28115 |  26203 |   1912 |   3831 |  16831 |  28 | 1004.1 |
       Dungeon |  17045 |  15664 |   1381 |   2761 |   9837 |  15 | 1136.3 |
          Lair |   6035 |   5712 |    323 |    173 |   4484 |   6 | 1005.8 |
     Snake Pit |   2579 |   2507 |     72 |    391 |   1548 |   3 |  859.7 |
  Orcish Mines |   1522 |   1388 |    134 |    224 |    679 |   2 |  761.0 |
        Depths |      4 |      4 |      0 |      0 |      0 |   1 |    4.0 |
      Gauntlet |    927 |    927 |      0 |    281 |    283 |   1 |  927.0 |
               +--------+--------+--------+--------+--------+-----+--------+

Top non-repeatable levels by time:
    D:14: 1756 daAuts
     D:5: 1616 daAuts
     D:3: 1406 daAuts
     D:7: 1345 daAuts
     D:4: 1298 daAuts
 Snake:1: 1263 daAuts
  Lair:3: 1221 daAuts
  Lair:6: 1195 daAuts
     D:2: 1188 daAuts
    D:11: 1156 daAuts
    D:15: 1141 daAuts
     D:1: 1070 daAuts
  Lair:2: 997 daAuts
     D:9: 966 daAuts
    D:13: 949 daAuts
